AoeStats
← [STT]Kratos_

Arabia

509225007Analyzed
2v2 RM · 5d ago on Sep 26, 2026· 36m 12s· 4 players
Game mode
Random Map
Map size
Medium (4 player)
Population
200
Speed
Normal
Resources
Standard
Victory
Conquest
Starting age
Dark Age
Ending age
Imperial Age
RankedLock teamsTeams togetherTeam positionsShared explorationLock speedFull tech treeHidden civsTurbo modeCheats
Victory
Defeat
🇨🇴 Tatars · Colombia
1218
+16
🇨🇴 Teutons · Colombia
1118
+20
🇲🇽 Saracens · Mexico
1207
-18
🇲🇽 Dravidians · Mexico
1207
-18
[STT]Kratos_
8:42 Loom
10:54 Feudal Age
11:26 Double-Bit Axe
18:45 Forging
23:12 Castle Age
22:26 Scale Mail Armor
22:50 Gold Mining
23:19 Man-at-Arms
23:46 Arson
25:05 Iron Casting
24:47 Chain Mail Armor
24:18 Long Swordsman
24:43 Gambesons
34:00 Pikeman
35:21 Squires
[STT]STT2 Arandia
5:04 Loom
9:19 Feudal Age
10:04 Double-Bit Axe
10:27 Horse Collar
29:43 Castle Age
28:26 Gold Mining
28:44 Padded Archer Armor
28:37 Fletching
29:47 Bloodlines
30:40 Heavy Plow
31:16 Bow Saw
VL Neyten
8:26 Loom
10:57 Feudal Age
13:03 Horse Collar
13:11 Double-Bit Axe
23:13 Castle Age
24:27 Bow Saw
24:20 Heavy Plow
24:58 Scale Barding Armor
26:00 Bloodlines
27:41 Pikeman
28:23 Squires
29:10 Chain Barding Armor
[VL]marcowearsprada
10:18 Feudal Age
9:45 Loom
11:17 Man-at-Arms
13:22 Double-Bit Axe
20:31 Fletching
21:12 Horse Collar
26:01 Castle Age
24:22 Gold Mining
25:19 Forging
27:04 Bow Saw
28:42 Iron Casting
Connection lost

Rejoining the realm…

Still unreachable

The connection could not be restored.

Session expired

The server has moved on; the page needs a fresh start.